AoeStats
← meditator27

Arena

505239808Analyzed
4v4 RM · 23d ago on Sep 8, 2026· 33m 38s· 8 players
Game mode
Random Map
Map size
Large (8 player)
Population
200
Speed
Normal
Resources
Standard
Victory
Conquest
Starting age
Dark Age
Ending age
Imperial Age
RankedLock teamsTeams togetherTeam positionsShared explorationLock speedFull tech treeHidden civsTurbo modeCheats
Victory
Defeat
🇨🇳 Turks · China
1353
+9
🇨🇳 Lithuanians · China
1314
+10
🇨🇳 Inca · China
1102
+18
🇨🇳 Mongols · China
1101
+19
🇹🇼 Khmer · Taiwan
1232
-16
🇯🇵 Britons · Japan
1169
-14
🇨🇳 Teutons · China
1155
-13
🇨🇳 Berbers · China
1153
-13
Cat direction
9:42 Feudal Age
11:34 Double-Bit Axe
12:07 Horse Collar
14:41 Castle Age
15:46 Bow Saw
23:14 Heavy Plow
23:34 Stone Mining
24:27 Gold Mining
25:49 Wheelbarrow
25:52 Stone Shaft Mining
26:48 Hand Cart
26:19 Loom
30:26 Imperial Age
28:04 Loom
28:41 Scale Barding Armor
28:31 Town Watch
29:09 Bloodlines
28:59 Husbandry
29:09 Bloodlines
28:59 Husbandry
30:00 Chain Barding Armor
29:50 Forging
29:37 Treadmill Crane
30:07 Fortified Wall
31:18 Iron Casting
30:33 Elite Leitis
31:36 Conscription
32:01 Plate Barding Armor
33:05 Two-Man Saw
32:41 Crop Rotation
33:58 Two-Man Saw
WinniethePooh
10:07 Feudal Age
14:01 Castle Age
11:52 Double-Bit Axe
13:07 Horse Collar
14:56 Bow Saw
23:00 Wheelbarrow
24:18 Hand Cart
28:25 Imperial Age
25:41 Loom
26:29 Forging
26:44 Scale Barding Armor
27:16 Bloodlines
27:06 Husbandry
28:01 Heavy Plow
27:52 Gold Mining
27:53 Stone Mining
28:26 Chain Barding Armor
29:21 Gold Shaft Mining
29:24 Iron Casting
28:34 Heavy Camel Rider
30:10 Plate Barding Armor
31:31 Blast Furnace
32:53 Two-Man Saw
33:35 Conscription
33:16 Artillery
34:25 Coinage
33:53 Town Watch
JCUP
11:23 Feudal Age
12:16 Double-Bit Axe
12:13 Horse Collar
12:21 Horse Collar
14:59 Castle Age
16:20 Bow Saw
16:55 Wheelbarrow
17:16 Heavy Plow
22:47 Gold Mining
22:48 Stone Mining
24:03 Loom
25:02 Gold Shaft Mining
27:19 Fletching
27:30 Padded Archer Armor
30:13 Imperial Age
27:59 Hand Cart
27:08 Elite Skirmisher
27:54 Andean Sling
28:16 Bodkin Arrow
28:37 Fortified Wall
28:36 Squires
27:57 Pikeman
28:57 Leather Archer Armor
28:42 Scale Mail Armor
29:28 Thumb Ring
30:19 Ballistics
30:18 Forging
30:23 Chain Mail Armor
29:32 Champi Runner
31:31 Ring Archer Armor
31:02 Bracer
32:05 Chemistry
31:33 Conscription
32:14 Iron Casting
31:14 Champi Warrior
34:03 Blast Furnace
33:34 Plate Mail Armor
33:27 Fabric Shields
32:56 Elite Champi Warrior
33:25 Arson
Yakamoon
9:43 Feudal Age
10:49 Double-Bit Axe
13:41 Castle Age
11:45 Horse Collar
14:42 Bow Saw
19:49 Fletching
21:14 Stone Mining
21:39 Gold Mining
23:15 Wheelbarrow
23:48 Stone Shaft Mining
24:16 Gold Shaft Mining
24:22 Gold Shaft Mining
23:53 Loom
24:36 Bodkin Arrow
26:28 Ballistics
27:35 Padded Archer Armor
27:41 Husbandry
30:46 Imperial Age
29:07 Leather Archer Armor
29:32 Bloodlines
29:43 Thumb Ring
31:35 Bracer
32:43 Chemistry
32:10 Conscription
33:10 Elite Mangudai
sada-aki
7:54 Loom
10:42 Feudal Age
11:31 Double-Bit Axe
15:18 Castle Age
13:34 Horse Collar
16:11 Bow Saw
20:20 Gold Mining
22:12 Fletching
23:06 Bodkin Arrow
23:03 Crossbowman
24:19 Ballistics
24:07 Stone Mining
24:54 Treadmill Crane
27:08 Padded Archer Armor
29:40 Leather Archer Armor
NickJiang
10:11 Feudal Age
14:10 Castle Age
12:50 Double-Bit Axe
16:00 Horse Collar
17:04 Bow Saw
20:39 Wheelbarrow
19:50 Loom
25:50 Heavy Plow
25:50 Gold Mining
27:41 Scale Barding Armor
30:12 Imperial Age
28:49 Hand Cart
29:01 Bloodlines
29:19 Chain Barding Armor
29:12 Forging
31:25 Iron Casting
30:17 Cavalier
31:35 Plate Barding Armor
31:38 Paladin
34:15 Blast Furnace
bluestorm
10:56 Feudal Age
14:41 Castle Age
12:50 Double-Bit Axe
13:06 Horse Collar
15:56 Wheelbarrow
15:58 Bow Saw
19:14 Loom
21:11 Heavy Plow
22:16 Gold Mining
23:33 Stone Mining
24:29 Hand Cart
29:01 Imperial Age
26:59 Fletching
27:10 Padded Archer Armor
27:34 Ballistics
26:56 Treadmill Crane
27:37 Ballistics
28:00 Kasbah
28:09 Bodkin Arrow
28:52 Bloodlines
28:42 Husbandry
29:44 Gold Shaft Mining
29:44 Stone Shaft Mining
28:47 Light Cavalry
29:16 Elite Camel Archer
31:22 Chemistry
30:29 Bracer
31:12 Leather Archer Armor
31:06 Thumb Ring
31:30 Conscription
31:19 Hussar
33:10 Cavalier
meditator27
10:36 Feudal Age
14:07 Castle Age
12:20 Double-Bit Axe
12:30 Horse Collar
15:36 Bow Saw
15:57 Heavy Plow
17:02 Wheelbarrow
19:37 Loom
22:06 Gold Mining
23:07 Hand Cart
23:40 Stone Mining
25:33 Gold Shaft Mining
25:34 Stone Shaft Mining
28:57 Imperial Age
26:48 Loom
27:39 Bloodlines
28:04 Scale Barding Armor
28:10 Forging
29:33 Husbandry
29:01 Elite Battle Elephant
32:54 Iron Casting
32:40 Chain Barding Armor
32:57 Crop Rotation
33:16 Conscription
32:57 Tusk Swords
Connection lost

Rejoining the realm…

Still unreachable

The connection could not be restored.

Session expired

The server has moved on; the page needs a fresh start.